 Dungeon Crawl Stone Soup version 0.17-a0-1393-gcb420ff (webtiles) character file.

135 bal the Insei (level 5, -2/28 HPs)
             Began as a Vine Stalker Monk on June 16, 2015.
             Was a Believer of Dithmenos.
             Slain by Medar's ghost (6 damage)
             ... on level 3 of the Dungeon.
             The game lasted 00:08:32 (2264 turns).

bal the Insei (Vine Stalker Monk)                   Turns: 2264, Time: 00:08:32

Health: -2/28      AC:  5    Str: 14    XL:     5   Next: 18%
Magic:  0/6        EV: 13    Int: 10    God:    Dithmenos [**....]
Gold:   132        SH:  0    Dex: 17    Spells: 0 memorised, 4 levels left

rFire  . . .     SeeInvis .     f - +2 dagger (venom)
rCold  . . .     Clarity  .     a - +0 robe
rNeg   . . .     SustAt   .     (no shield)
rPois  .         Gourm    .     (no helmet)
rElec  .         Spirit   +     (no cloak)
rCorr  .         Warding  .     (no gloves)
rMut   .         Stasis   .     m - +2 pair of boots
MR     .....                    (no amulet)
Stlth  +++.......               (no ring)
                                (no ring)

@: wreathed by umbra, not resistant to hostile enchantments, fairly stealthy
A: fangs 2, regeneration 1, magic shield, antimagic bite, no device heal 3, rot
immunity
a: Shadow Step, Renounce Religion


You were on level 3 of the Dungeon.
You worshipped Dithmenos.
Dithmenos was pleased with you.
You were not hungry.

You visited 1 branch of the dungeon, and saw 3 of its levels.

You collected 132 gold pieces.

Inventory:

Hand weapons
 f - a +2 dagger of venom (weapon)
 i - a +0 hunting sling
Missiles
 e - 2 tomahawks (quivered)
Armour
 a - a +0 robe (worn)
 m - a +2 pair of boots (worn)
Jewellery
 d - an uncursed amulet of faith {unknown}
 l - an uncursed amulet of guardian spirit {unknown}
Scrolls
 c - 5 scrolls of identify {unknown}
 h - a scroll of fear {unknown}
 k - a scroll of magic mapping {unknown}
 o - 2 scrolls of remove curse {unknown}
 q - a scroll of amnesia {unknown}
Potions
 g - a potion of curing
 p - a potion of poison
Comestibles
 b - 2 bread rations
 j - 2 chunks of flesh
 n - a meat ration
 r - a royal jelly
 s - a beef jerky


   Skills:
 + Level 3.3 Fighting
 + Level 3.1 Dodging
 + Level 3.4 Stealth
 + Level 5.0 Unarmed Combat


You had 4 spell levels left.
You didn't know any spells.

Dungeon Overview and Level Annotations

Branches:
Dungeon (3/15)

Altars:
Dithmenos
Makhleb
Ru
Sif Muna
Trog

Annotations:
D:3 Medar's ghost, weakling TrEE


Innate Abilities, Weirdness & Mutations

You have extremely sharp teeth.
Your natural rate of healing is unusually fast.
When hurt, damage is shared between your health and your magic reserves.
Your bite disrupts and absorbs the magic of your enemies.
Potions and wands cannot restore your health.
You are immune to rotting.


Message History

Okay, then.
Drink which item? (? for menu, Esc to quit)
It was a potion of poison.
That liquid tasted very nasty...
You are lethally poisoned!
* * * LOW HITPOINT WARNING * * *
You feel sick. Medar's ghost hits you.
* * * LOW HITPOINT WARNING * * *
Drink which item? (? for menu, Esc to quit)
You feel better. Medar's ghost closely misses you.
You hit Medar's ghost.
You bite Medar's ghost, but do no damage.
Medar's ghost is lightly damaged.
Medar's ghost barely misses you.
You hit Medar's ghost.
You bite Medar's ghost, but do no damage.
Medar's ghost is lightly damaged.
Medar's ghost lets out a mournful wail.
Medar's ghost hits you!
You die...

...# #..# #..#
#..##### #..##.. ...#
#..##.# ...#
#.####..##.# #...#
.......[...## #...#
.#####.@W...## #...##
.......(.....###....#
.#####..........#...#
###.....##.#...#
##...###.#...#
##..........#
#.####.#)#.##
#.####.#....#
..#...†###..#


You could see Medar's ghost.

Vanquished Creatures
  A crimson imp (D:2)
  6 adders
  3 giant geckos
  An orc (D:3)
  7 hobgoblins
  4 jackals (D:1)
  6 kobolds
  A quokka (D:3)
  8 bats
  3 giant cockroaches
  3 giant newts
  4 goblins (D:1)
  8 rats
55 creatures vanquished.

Notes
Turn   | Place    | Note
--------------------------------------------------------------
     0 | D:1      | bal the Vine Stalker Monk began the quest for the Orb.
     0 | D:1      | Reached XP level 1. HP: 11/11 MP: 2/2
   219 | D:1      | Reached XP level 2. HP: 11/16 MP: 0/3
  1142 | D:2      | Reached XP level 3. HP: 16/19 MP: 4/4
  1432 | D:2      | Reached XP level 4. HP: 16/24 MP: 5/5
  1659 | D:2      | Found a bloodstained altar of Trog.
  1659 | D:2      | Found a shadowy altar of Dithmenos.
  1663 | D:2      | Found a deep blue altar of Sif Muna.
  1685 | D:2      | Found a sacrificial altar of Ru.
  1693 | D:2      | Became a worshipper of Dithmenos the Shadowed
  1693 | D:2      | Acquired Dithmenos's first power
  1924 | D:2      | Found a burning altar of Makhleb.
  1986 | D:2      | Reached skill level 5 in Unarmed Combat
  2115 | D:3      | Reached XP level 5. HP: 28/28 MP: 6/6
  2247 | D:3      | Noticed Medar's ghost (weakling TrEE)
  2264 | D:3      | Slain by Medar's ghost

Vault maps used:
D:1:      dpeg_arrival_shrine
D:2:      makhleb_grotto_becter, nicolae_overflow_quartered_altars

Action                   |  1- 3 |  4- 6 || total
-------------------------+-------+-------++-------
Melee: Unarmed           |    51 |       ||    51
       Dagger            |    32 |    83 ||   115
  Use: Potion            |       |     3 ||     3
 Stab: Sleeping          |     3 |     7 ||    10
       Distracted        |       |     1 ||     1
  Eat: Fruit             |     2 |       ||     2
       Chunk             |       |     3 ||     3
